cohdb
Replays
Latest Replays
All Replays
Popular Replays
Top Player Replays
Match Explorer
How It Works
Community
CoH3 Stats
Reddit
Sign in to upload your games and track your stats! →
Sign in with Steam
Match 36333415
Unlisted
Match 36333415
Overview
Messages
Build Orders
End
Kradschützen Motorcycle Team
250 Light Carrier
Selects Armored Support Battlegroup
Panzergrenadier Squad
Panzergrenadier Squad
Construct Light Support Kompanie
Selects Superior Fire Drills
Fire Support Elements
Panzerpioneer Squad
le.IG 18 Mechanized Group
MG34 Team
Selects Salvage Kits
2.5-tonne Medical Truck
Flakvierling Half-track
Pak 38 Anti-tank Gun Team
Pak 38 Anti-tank Gun Team
Veteran Squad Leaders
Assault Mechanized Group
Construct Mechanized Kompanie
Selects Flammpanzer III Medium Tank
Marder III Tank Destroyer
Marder III Tank Destroyer
Construct Panzerarmee Kommand
Selects Panzer Storm
Walking Stuka Rocket Launcher
Selects Stuka Dive Bomb
deadsadbadmad
General Wenk
Frajtag
Sandal
[BRE] Alaric / Tokmach
ghetto_capitalist
hhh3350
Skaarj
0
0
Comments
sign in to comment!
No comments posted yet!